[Event "*** Titled Tuesday Blitz"]
[Site "Chess.com"]
[Date "2018.12.04"]
[Round "5"]
[White "ShadowJolteon"]
[Black "Jadeit90"]
[Result "1-0"]
[WhiteElo "2404"]
[BlackElo "2269"]
[TimeControl "180+2"]
[EndTime "14:01:51 PST"]
[Termination "ShadowJolteon won by resignation"]

1. d4 g6 2. e4 Bg7 3. Nc3 c5 4. dxc5 Qa5 5. Bd2 Qxc5 6. Nd5 Na6 7. Nf3 Nf6 8. b4 Qd6 9. Bf4 Qe6 10. Ng5 Qc6 11.
b5 Qc5 12. Be3 Qd6 13. Rb1 Nc5 14. Qd4 Ne6 15. Nxe6 dxe6 16. Bf4 e5 17. Bxe5 Nxd5 18. Bxg7 Rg8 19. exd5 f6 20. Bh6 1-0

[Event "*** Titled Tuesday Blitz"]
[Site "Chess.com"]
[Date "2018.12.04"]
[Round "5"]
[White "Raffael89"]
[Black "Chessmatus"]
[Result "0-1"]
[WhiteElo "2116"]
[BlackElo "2179"]
[TimeControl "180+2"]
[EndTime "14:01:52 PST"]
[Termination "Chessmatus won by resignation"]

1. e4 c5 2. Nf3 d6 3. d4 cxd4 4. Qxd4 Nc6 5. Bb5 a6 6. Bxc6+ bxc6 7. c4 e5 8. Qd3 Ne7 9. h3 Ng6 10. O-O Be6 11. Rd1 Be7 12. Nc3 O-O 13. Be3 h6 14. b3 Qc7 15. Rd2 Rad8 16. Rad1 f5 17. exf5 Bxf5 18. Qe2 Rf7 19. Na4 Rdf8 20. Bb6 Qc8 21.
c5 Nf4 22. Qe3 Bxh3 23. cxd6 Nxg2 24. Nxe5 Nxe3 0-1

[Event "*** Titled Tuesday Blitz"]
[Site "Chess.com"]
[Date "2018.12.04"]
[Round "5"]
[White "Quiet_Desperation"]
[Black "nitpicker"]
[Result "1-0"]
[WhiteElo "2153"]
[BlackElo "2174"]
[TimeControl "180+2"]
[EndTime "14:01:57 PST"]
[Termination "Quiet_Desperation won by resignation"]

1. e4 e6 2. d4 d5 3. Nc3 dxe4 4. Nxe4 Bd7 5. Nf3 Bc6 6. Ng3 Nd7 7. Be3 Ngf6 8. Bd3 Be7 9. Qe2 b6 10. O-O-O Qc8 11.
Kb1 Bb7 12. c4 c5 13. d5 exd5 14. Nf5 Kf8 15. Nxe7 Kxe7 16. Bxc5+ Kd8 17. Be7+ Kc7 18.
cxd5 Nxd5 19. Rc1+ Nc5 20. Qe5+ Kc6 21. Nd4+ 1-0

[Event "*** Titled Tuesday Blitz"]
[Site "Chess.com"]
[Date "2018.12.04"]
[Round "5"]
[White "narutosmith"]
[Black "Iyael"]
[Result "1-0"]
[WhiteElo "2226"]
[BlackElo "2120"]
[TimeControl "180+2"]
[EndTime "14:02:34 PST"]
[Termination "narutosmith won by resignation"]

1. e4 c5 2. Nc3 Nc6 3. Bb5 e6 4.
Bxc6 bxc6 5. f4 f6 6. Nf3 Ne7 7. O-O Ng6 8. d3 Be7 9. f5 Nf8 10. Nh4 Qb6 11. Qh5+ Kd8 12. Qf7 g6 13. Qg7 c4+ 14. Kh1 cxd3 15. cxd3 Ba6 16. Qxh8 Bxd3 17. Rd1 Qf2 18. Nf3 Be2 19. Nxe2 Qxe2 20. Re1 Qc2 21. fxe6 dxe6 22. Bh6 Kc7 23. Qg7 Qc5 24. Rac1 1-0

[Event "*** Titled Tuesday Blitz"]
[Site "Chess.com"]
[Date "2018.12.04"]
[Round "5"]
[White "NemtsevIgor"]
[Black "Gubajdullin"]
[Result "0-1"]
[WhiteElo "2333"]
[BlackElo "2448"]
[TimeControl "180+2"]
[EndTime "14:02:36 PST"]
[Termination "Gubajdullin won by resignation"]

1. d4 g6 2. Bf4 Bg7 3. Nf3 Nf6 4.
Nc3 O-O 5. Qd2 c5 6. d5 Qb6 7. Bh6 Bxh6 8. Qxh6 Qxb2 9. Kd2 Qxa1 10. e4 d6 11. h4 Bg4 12. Ng5 Nbd7 13. f3 Ne5 14. Be2 Qxh1 15. fxg4 Qxg2 16. h5 Nexg4 0-1

[Event "*** Titled Tuesday Blitz"]
[Site "Chess.com"]
[Date "2018.12.04"]
[Round "5"]
[White "Naruto-K"]
[Black "nubair1198"]
[Result "0-1"]
[WhiteElo "2447"]
[BlackElo "2616"]
[TimeControl "180+2"]
[EndTime "14:02:46 PST"]
[Termination "nubair1198 won by resignation"]

1. d4 d5 2. Bf4 Nf6 3. e3 c5 4.
c3 Nc6 5. Nd2 Qb6 6. Qb3 Nh5 7.
Bg5 h6 8. Bh4 g5 9. Be2 gxh4 10.
Bxh5 Rg8 11. Qxd5 e6 12. Qf3 Nd8 13. Nc4 Qc7 14. Ne5 Rg5 15. Nh3 Rf5 16. Nf4 Bd6 17. O-O Bxe5 18. dxe5 Qxe5 19. Rad1 Bd7 20. Qxb7 Nxb7 0-1

[Event "*** Titled Tuesday Blitz"]
[Site "Chess.com"]
[Date "2018.12.04"]
[Round "5"]
[White "BillForster"]
[Black "JSMastropiero"]
[Result "0-1"]
[WhiteElo "1719"]
[BlackElo "2167"]
[TimeControl "180+2"]
[EndTime "14:02:48 PST"]
[Termination "JSMastropiero won by resignation"]

1. d4 Nf6 2. c4 g6 3. Nc3 Bg7 4. e4 d6 5. Bd3 O-O 6. Nge2 Nc6 7. d5 Ne5 8. Bc2 Nxc4 9. O-O c6 10. b3 Nb6 11. Bb2 cxd5 12. Nxd5 Nbxd5 13. exd5 Qa5 14. Nf4 Bd7 15. Qf3 Rac8 16. Rac1 Rfe8 17. Rfd1 Bg4 18. Bxf6 Bxf3 19. Bxg7 Bxd1 0-1

[Event "*** Titled Tuesday Blitz"]
[Site "Chess.com"]
[Date "2018.12.04"]
[Round "5"]
[White "dmosesov"]
[Black "maziarbagheri"]
[Result "1-0"]
[WhiteElo "2350"]
[BlackElo "2234"]
[TimeControl "180+2"]
[EndTime "14:03:02 PST"]
[Termination "dmosesov won by resignation"]

1. e4 e5 2. Nf3 Nc6 3. Bc4 Nf6 4. d3 Be7 5. O-O O-O 6. c3 d6 7.
h3 Na5 8. Bb5 a6 9. Ba4 b5 10. Bc2 c5 11. d4 Nd7 12. Nbd2 exd4 13. cxd4 Nc6 14. d5 Nce5 15. Nxe5 Nxe5 16. f4 Ng6 17.
Nf3 Bf6 18. e5 Bh4 19. Be3 Bb7 20. exd6 c4 21. f5 Nh8 22. Nxh4 Qxh4 23. f6 gxf6 24. Rf4 1-0

[Event "*** Titled Tuesday Blitz"]
[Site "Chess.com"]
[Date "2018.12.04"]
[Round "5"]
[White "MikaelyanArman"]
[Black "vinniethepooh"]
[Result "1-0"]
[WhiteElo "2761"]
[BlackElo "2409"]
[TimeControl "180+2"]
[EndTime "14:03:05 PST"]
[Termination "MikaelyanArman won by resignation"]

1. e4 c5 2. Nf3 d6 3. d4 cxd4 4. Nxd4 Nf6 5. Nc3 a6 6. Bc4 e6 7. O-O Nbd7 8. Bxe6 fxe6 9. Nxe6 Qa5 10. Bd2 Qb6 11.
Be3 Nc5 12. Nxf8 Rxf8 13. e5 Nfd7 14. exd6 Qc6 15. Re1 Kf7 16. Qh5+ Kg8 17. Rad1 Kh8 18. Bd4 b6 19. Bxg7+ Kg8 20. Bxf8 Nxf8 21. Re7 Bb7 22. Qf7+ 1-0

[Event "*** Titled Tuesday Blitz"]
[Site "Chess.com"]
[Date "2018.12.04"]
[Round "5"]
[White "toog"]
[Black "AndrewDGreen"]
[Result "1-0"]
[WhiteElo "2202"]
[BlackElo "2230"]
[TimeControl "180+2"]
[EndTime "14:03:24 PST"]
[Termination "toog won by resignation"]

1. e4 c5 2. Nf3 g6 3. d4 cxd4 4. Nxd4 Nc6 5. Nc3 Bg7 6. Be3 Nf6 7. Bc4 O-O 8. f3 Qb6 9. Qd2 Ng4 10. Nxc6 Qxc6 11.
Bd5 Nxe3 12. Bxc6 Nxg2+ 13. Qxg2 dxc6 14. O-O-O Be6 15. h4 h5 16. f4 Bg4 17. Rdf1 Rad8 18. Kb1 Rd7 19. Qf2 b6 20. f5 gxf5 21. exf5 Rfd8 22.
Ne4 Rd4 23. f6 exf6 24. Nxf6+ Kh8 25. Nxg4 hxg4 26. Qxf7 Rb4 27. c3 1-0

[Event "*** Titled Tuesday Blitz"]
[Site "Chess.com"]
[Date "2018.12.04"]
[Round "5"]
[White "arctic_t00"]
[Black "orrbaverlekszarnyon"]
[Result "1-0"]
[WhiteElo "2402"]
[BlackElo "2222"]
[TimeControl "180+2"]
[EndTime "14:03:25 PST"]
[Termination "arctic_t00 won by resignation"]

1. d4 d5 2. c4 e6 3. Nc3 c5 4. cxd5 exd5 5. Nf3 Nc6 6. g3 Nf6 7. Bg2 Be7 8. O-O O-O 9. dxc5 Bxc5 10. Bg5 d4 11. Ne4 Be7 12. Nxf6+ Bxf6 13. Bxf6 Qxf6 14. b4 a6 15. a4 Rd8 16. b5 Ne5 17. Nxe5 Qxe5 18.
bxa6 Rxa6 19. Qb3 Qxe2 20. Rfe1 Qg4 21. Re7 Be6 22. Qxb7 Rad6 23. Qc7 d3 24. Qxd6 1-0

[Event "*** Titled Tuesday Blitz"]
[Site "Chess.com"]
[Date "2018.12.04"]
[Round "5"]
[White "JordanaEmiel"]
[Black "Vadim_Biliy"]
[Result "0-1"]
[WhiteElo "2029"]
[BlackElo "2148"]
[TimeControl "180+2"]
[EndTime "14:03:25 PST"]
[Termination "Vadim_Biliy won by resignation"]

1. d4 d5 2. c4 e6 3. Nc3 Nf6 4.
Bg5 Be7 5. e3 O-O 6. Nf3 Ne4 7.
Bxe7 Qxe7 8. Qc2 Nxc3 9. Qxc3 Rd8 10. Be2 Nc6 11. O-O a6 12. cxd5 exd5 13. Rac1 Rd6 14. Rfd1 Bg4 15. h3 Bxf3 16. Bxf3 Re8 17. Qb3 Qd7 18. Qxb7 Rb8 19. Qxb8+ Nxb8 20. Rc5 c6 21. Rdc1 f5 22. b4 g5 23. a4 g4 24. hxg4 fxg4 25.
Be2 Rf6 26. b5 axb5 27. axb5 cxb5 28. Rc8+ Rf8 29. R8c7 Qf5 30. f3 Qe6 31. Kf2 g3+ 32. Ke1 Qxe3 33. R7c3 Qg1+ 34. Kd2 Qxd4+ 35. Ke1 b4 36.
Rd3 Qf2+ 37. Kd2 Re8 38. Re1 d4 39. Rb3 Na6 40. Rd3 Nc5 0-1

[Event "*** Titled Tuesday Blitz"]
[Site "Chess.com"]
[Date "2018.12.04"]
[Round "5"]
[White "CaptainCasanova"]
[Black "vugarrasulov"]
[Result "0-1"]
[WhiteElo "2656"]
[BlackElo "2795"]
[TimeControl "180+2"]
[EndTime "14:03:34 PST"]
[Termination "vugarrasulov won by resignation"]

1. d4 Nf6 2. c4 e6 3. Nf3 b6 4.
a3 Bb7 5. Nc3 d5 6. cxd5 Nxd5 7.
Qc2 Nxc3 8. bxc3 Be7 9. e4 O-O 10. Bd3 c5 11. O-O Qc7 12. Qe2 Nd7 13. Bb2 Rac8 14.
Rac1 Rfd8 15. a4 Qb8 16. Rfd1 Nf8 17. Qe3 Ng6 18. e5 cxd4 19. cxd4 Rxc1 20. Rxc1 Rc8 21. Rxc8+ Qxc8 22. Nd2 Ba6 23. Be4 h6 24. g3 Bb7 25.
Qf3 Bxe4 26. Qxe4 Nf8 27. Kg2 Nd7 28. f4 Bb4 29. Nf1 Qc4 30. Qa8+ Nf8 31. Qe4 Qa2 32.
Qc2 Ba3 0-1

[Event "*** Titled Tuesday Blitz"]
[Site "Chess.com"]
[Date "2018.12.04"]
[Round "5"]
[White "PowerThinking2650"]
[Black "AndrewMcStone"]
[Result "1-0"]
[WhiteElo "2258"]
[BlackElo "2127"]
[TimeControl "180+2"]
[EndTime "14:03:39 PST"]
[Termination "PowerThinking2650 won by resignation"]

1. e4 e6 2. d4 d5 3. Nd2 Be7 4.
Ngf3 Nf6 5. e5 Nfd7 6. Bd3 c5 7. c3 Nc6 8. O-O g5 9. dxc5 g4 10. Nd4 Ndxe5 11. Bb5 Bd7 12. Bxc6 Nxc6 13. b4 Qc7 14. Re1 h5 15. Nb5 Qb8 16. Nb3 a6 17. N5d4 Qc7 18. Nxc6 Bxc6 19. Qd4 O-O-O 20. Bf4 e5 21. Bxe5 Qd7 22. Bxh8 1-0

[Event "*** Titled Tuesday Blitz"]
[Site "Chess.com"]
[Date "2018.12.04"]
[Round "5"]
[White "Fighterman91"]
[Black "Thjop"]
[Result "0-1"]
[WhiteElo "2610"]
[BlackElo "2671"]
[TimeControl "180+2"]
[EndTime "14:03:47 PST"]
[Termination "Thjop won by resignation"]

1. e4 e6 2. d4 d5 3. Nc3 Bb4 4. exd5 exd5 5. Bd3 Nf6 6. Nf3 O-O 7. O-O Bg4 8. h3 Bh5 9. Bf4 Nc6 10. Nb5 a6 11. Nxc7 Rc8 12. Nxa6 bxa6 13. Bxa6 Bxf3 14.
Qxf3 Ra8 15. Bd3 Nxd4 16. Qd1 Ne6 17. Be5 Bd6 18. Bxf6 Qxf6 19. Qh5 g6 20. Qxd5 Rfd8 21. Kh1 Qxb2 22. a4 Nf4 23. Qf3 Nxd3 24. cxd3 Qb4 25. Rfb1 Rxa4 0-1

[Event "*** Titled Tuesday Blitz"]
[Site "Chess.com"]
[Date "2018.12.04"]
[Round "5"]
[White "PchelkinVK"]
[Black "HanSchut"]
[Result "1-0"]
[WhiteElo "2586"]
[BlackElo "2323"]
[TimeControl "180+2"]
[EndTime "14:03:51 PST"]
[Termination "PchelkinVK won by checkmate"]

1. d4 Nf6 2. Nc3 d5 3. Bf4 e6 4. a3 Bd6 5. Qd2 O-O 6. O-O-O c5 7. dxc5 Bxc5 8. e4 d4 9. e5 Nd5 10. Ne4 Qb6 11. Nf3 Nc6 12. Bd3 Nc3 13. Nxc3 dxc3 14.
Qxc3 Bxf2 15. Bxh7+ Kh8 16. Be4 Bc5 17. Ng5 Kg8 18.
Bh7+ Kh8 19. Qh3 g6 20. Bxg6+ Kg7 21. Qh7# 1-0

[Event "*** Titled Tuesday Blitz"]
[Site "Chess.com"]
[Date "2018.12.04"]
[Round "5"]
[White "FMJoseHerrera"]
[Black "Frolik67"]
[Result "1-0"]
[WhiteElo "2559"]
[BlackElo "2641"]
[TimeControl "180+2"]
[EndTime "14:04:01 PST"]
[Termination "FMJoseHerrera won by checkmate"]

1. Nf3 d5 2. g3 c6 3. Bg2 Nf6 4. O-O g6 5. d3 Bg7 6. c3 O-O 7.
a3 Re8 8. b4 e5 9. Ne1 Nbd7 10.
Nd2 a5 11. Bb2 a4 12. c4 b6 13. b5 cxb5 14. cxd5 Bb7 15. e4 Bf8 16. Nc2 Nc5 17.
Nf3 Nfd7 18. Nb4 f6 19. Rb1 Rc8 20. Re1 Nb3 21. d4 Bxb4 22. axb4 Qe7 23. dxe5 fxe5 24. Bh3 Rf8 25. Be6+ Kg7 26. Nxe5 Nxe5 27. Bxe5+ Kh6 28.
h4 Rc4 29. Kg2 Bc8 30. Rxb3 Bxe6 31. Qd2+ Kh5 32. Bd6 Qd8 33. Bxf8 axb3 34. Qh6+ Kg4 35. f3# 1-0

[Event "*** Titled Tuesday Blitz"]
[Site "Chess.com"]
[Date "2018.12.04"]
[Round "5"]
[White "hypert"]
[Black "StoreySniper"]
[Result "1-0"]
[WhiteElo "2391"]
[BlackElo "2399"]
[TimeControl "180+2"]
[EndTime "14:04:06 PST"]
[Termination "hypert won by resignation"]

1. Nf3 g6 2. c4 Bg7 3. e3 c5 4. Be2 Nf6 5. O-O d5 6. cxd5 Qxd5 7. Nc3 Qf5 8. d4 cxd4 9. Nxd4 Qe5 10. Bb5+ Bd7 11.
Qb3 Ng4 12. Nf3 Qh5 13. h3 Ne5 14. Nxe5 Bxe5 15. Bxd7+ Nxd7 16. Qxb7 Rb8 17. Qf3 O-O 18. Qxh5 gxh5 19. Rd1 Bxc3 20. bxc3 Ne5 21. Ba3 Rfe8 22.
Rab1 Rxb1 23. Rxb1 Nc4 24. Bc5 a5 25. Rb7 e6 26.
Rc7 Rb8 27. Kh2 Rb2 28. Bd4 e5 29. Rxc4 exd4 30. exd4 Rxf2 31. a4 Rd2 32. Rc5 Rd3 33. d5 Kf8 34. c4 Rd4 35. Kg3 Ke7 36. Rc6 Kd7 37. Kf3 h4 38. Ke3 Rd1 39. Rf6 Re1+ 40. Kd4 Ke7 41. Rf4 Ra1 42. Kc5 Rxa4 43. Kc6 Ra2 44.
d6+ Kd8 45. Rg4 1-0

[Event "*** Titled Tuesday Blitz"]
[Site "Chess.com"]
[Date "2018.12.04"]
[Round "5"]
[White "Jooonaaas1996"]
[Black "AliKa2810"]
[Result "1-0"]
[WhiteElo "2297"]
[BlackElo "2468"]
[TimeControl "180+2"]
[EndTime "14:04:17 PST"]
[Termination "Jooonaaas1996 won by resignation"]

1. e4 c5 2. Nf3 d6 3. d4 cxd4 4. Nxd4 Nf6 5. f3 e5 6. Nb3 Nc6 7. c4 Be6 8. Nc3 a5 9. Be3 a4 10. Nd2 Qa5 11. Be2 Be7 12. O-O O-O 13. Nd5 Bd8 14. Rc1 Nd7 15. Nb1 Nc5 16. Nbc3 f5 17. exf5 Bxf5 18. Nb5 Be6 19. Nxd6 Nd4 20. Bxd4 exd4 21.
Qxd4 Ra6 22. Nb5 Rc6 23. Kh1 Kh8 24. Nbc3 Rd6 25. Nb5 Bf6 26. Qxc5 1-0

[Event "*** Titled Tuesday Blitz"]
[Site "Chess.com"]
[Date "2018.12.04"]
[Round "5"]
[White "Micki-taryan"]
[Black "armago"]
[Result "1-0"]
[WhiteElo "2894"]
[BlackElo "2037"]
[TimeControl "180+2"]
[EndTime "14:04:37 PST"]
[Termination "Micki-taryan won by resignation"]

1. c4 Nf6 2. Nc3 g6 3. e4 d6 4. d4 Bg7 5. Nf3 O-O 6. h3 e5 7. d5 a5 8. g4 Na6 9. Be3 Nc5 10. Nd2 Bd7 11. Be2 c6 12. Qc2 cxd5 13. exd5 a4 14. f3 Qa5 15. h4 e4 16. g5 Nh5 17. Ndxe4 Nxe4 18. fxe4 Ng3 19. Rg1 Nxe4 20. Qxe4 Rae8 21. Qf4 Bxc3+ 22. bxc3 Qxc3+ 23. Kf2 f6 24. Rac1 Qb2 25. Rb1 Qxa2 26. gxf6 Rxf6 27. Qxf6 Rf8 28. Qxf8+ Kxf8 29. Rxb7 Bf5 30. c5 Qxd5 31. Rb8+ Kg7 32. Rd1 Qa2 33. Rxd6 Bg4 34. Rb7+ 1-0

[Event "*** Titled Tuesday Blitz"]
[Site "Chess.com"]
[Date "2018.12.04"]
[Round "5"]
[White "GMWSO"]
[Black "realcontender"]
[Result "1-0"]
[WhiteElo "2965"]
[BlackElo "2110"]
[TimeControl "180+2"]
[EndTime "14:04:47 PST"]
[Termination "GMWSO won by checkmate"]

1. d4 d5 2. c4 c6 3. Nc3 Nf6 4. cxd5 cxd5 5. Bf4 Nc6 6. e3 Qb6 7. Bd3 Bg4 8. f3 Bh5 9. Nge2 e6 10. O-O Be7 11.
a3 Na5 12. Qa4+ Kf8 13. Nb5 a6 14. Nc7 Rc8 15. Rac1 Nc6 16. Nxa6 bxa6 17. Bxa6 Ra8 18. Rxc6 Qxb2 19. Bb5 Rd8 20. Bc7 Re8 21. Rc2 Qxa3 22. Qxa3 Bxa3 23. Ra1 Bb4 24. Bxe8 Nxe8 25. Bb6 f6 26.
Bc5+ Bxc5 27. Rxc5 Kf7 28. Ra7+ Kg6 29. Nf4+ Kg5 30.
Nxe6+ Kf5 31. Nf4 Bg6 32. Rxd5# 1-0

[Event "*** Titled Tuesday Blitz"]
[Site "Chess.com"]
[Date "2018.12.04"]
[Round "5"]
[White "capatl"]
[Black "Firouzja2003"]
[Result "0-1"]
[WhiteElo "2561"]
[BlackElo "3015"]
[TimeControl "180+2"]
[EndTime "14:04:48 PST"]
[Termination "Firouzja2003 won by resignation"]

1. c4 Nf6 2. Nc3 g6 3. g3 d6 4.
Bg2 Bg7 5. e3 O-O 6. Nge2 e5 7.
O-O Re8 8. d3 Nbd7 9. a3 Nf8 10.
b4 h5 11. h4 N8h7 12. e4 c6 13. Rb1 Ng4 14. f3 Ngf6 15. d4 Be6 16. d5 cxd5 17.
cxd5 Qb6+ 18. Kh2 Bd7 19. Qd3 Rec8 20. Be3 Qd8 21. Rfc1 Qf8 22. Nb5 Bh6 23. Bxh6 Bxb5 24. Qxb5 Qxh6 25. Qxb7 Rcb8 26. Qa6 g5 27. Rc6 gxh4 28.
gxh4 Rd8 29. Bh3 Kh8 30. Rg1 Qe3 31. Bg2 Qf2 32. Rxd6 Rg8 33. Rxf6 Qxh4+ 34. Bh3 Nxf6 35. Rg3 Rxg3 36. Nxg3 Rg8 37. Nh1 Qf4+ 0-1

[Event "*** Titled Tuesday Blitz"]
[Site "Chess.com"]
[Date "2018.12.04"]
[Round "5"]
[White "Chessialist"]
[Black "djano"]
[Result "1-0"]
[WhiteElo "2501"]
[BlackElo "2353"]
[TimeControl "180+2"]
[EndTime "14:04:50 PST"]
[Termination "Chessialist won by resignation"]

1. e4 e5 2. Nf3 Nc6 3. Bb5 Nf6 4. O-O Nxe4 5. d4 Nd6 6. dxe5 Nxb5 7. c4 Nbd4 8. Nxd4 Nxd4 9. Qxd4 Be7 10. Bf4 O-O 11. Nc3 b6 12. Rad1 Bc5 13. Qd5 Rb8 14. Rfe1 Qe7 15. a3 a5 16. Qd3 Qe6 17. Nd5 c6 18. b4 axb4 19. axb4 cxd5 20. cxd5 Qg4 21. Re4 Ba6 22.
Qb1 Be7 23. e6 f5 24. Red4 Rbd8 25. Bc7 Qg5 26. d6 dxe6 27. dxe7 Qxe7 28. Bxd8 1-0

[Event "*** Titled Tuesday Blitz"]
[Site "Chess.com"]
[Date "2018.12.04"]
[Round "5"]
[White "MartinNeu"]
[Black "Yeytruyol"]
[Result "0-1"]
[WhiteElo "2469"]
[BlackElo "2491"]
[TimeControl "180+2"]
[EndTime "14:04:56 PST"]
[Termination "Yeytruyol won on time"]

1. e4 d6 2. d4 Nf6 3. Nc3 g6 4. f4 Bg7 5. Nf3 c5 6. dxc5 Qa5 7. Qd3 O-O 8. cxd6 Nxe4 9. Qxe4 Bxc3+ 10. bxc3 Qxc3+ 11. Kf2 Qxa1 12. dxe7 Re8 13. Bc4 Qf6 14. Rd1 Nc6 15. Ba3 Bf5 16. Qe3 h6 17. Rd6 Qg7 18.
Qb3 Na5 19. Qb4 Nxc4 20. Qxc4 Rac8 21. Qb5 Rxe7 22. Nd4 Bxc2 23. Bb2 a6 24. Qb4 Qf8 25. Ba1 Be4 26. Qb2 Rec7 27. Nc6 Kh7 0-1

[Event "*** Titled Tuesday Blitz"]
[Site "Chess.com"]
[Date "2018.12.04"]
[Round "5"]
[White "Zarikovs1999"]
[Black "colegiodemadrid"]
[Result "0-1"]
[WhiteElo "2359"]
[BlackElo "2293"]
[TimeControl "180+2"]
[EndTime "14:04:57 PST"]
[Termination "colegiodemadrid won by resignation"]

1. Nf3 d5 2. g3 c5 3. Bg2 Nc6 4.
d4 cxd4 5. Nxd4 e5 6. Nxc6 bxc6 7. c4 Be6 8. O-O Qd7 9. cxd5 cxd5 10. Nc3 Rd8 11. e4 d4 12. Nd5 Ne7 13. Nxe7 Bxe7 14. f4 Bg4 15. Qd3 exf4 16. Bxf4 O-O 17. Rac1 Rc8 18.
Rxc8 Rxc8 19. Rc1 Rxc1+ 20. Bxc1 Be6 21. b3 h6 22. Bb2 Bf6 23. Kf1 Be5 24. Bf3 Qd6 25.
Ke1 a6 26. Kd1 Bd7 27. Be2 Bb5 28. Qd2 d3 29. Bf1 Bxb2 30. Qxb2 Qc5 31. Bh3 Qg1+ 32. Kd2 Qxh2+ 33. Kc3 Qxh3 34. Qf2 Qc8+ 35. Kb2 Qc2+ 36. Qxc2 dxc2 37. Kxc2 g5 38. a4 Bd7 39. Kd3 h5 40. e5 Be6 41. b4 Bd7 42. b5 axb5 43. a5 Bc8 44. Kd4 b4 45. Kc4 h4 46. gxh4 gxh4 47. Kxb4 h3 48. a6 Bxa6 0-1

[Event "*** Titled Tuesday Blitz"]
[Site "Chess.com"]
[Date "2018.12.04"]
[Round "5"]
[White "Oligan22"]
[Black "JMatias"]
[Result "1-0"]
[WhiteElo "2269"]
[BlackElo "2345"]
[TimeControl "180+2"]
[EndTime "14:04:58 PST"]
[Termination "Oligan22 won by resignation"]

1. e4 e6 2. d4 d5 3. Nc3 Nf6 4. e5 Nfd7 5. f4 c5 6. Nf3 Nc6 7. Be3 cxd4 8. Nxd4 Qb6 9. a3 Nxd4 10. Bxd4 Bc5 11.
Na4 Qa5+ 12. c3 Bxd4 13. Qxd4 b6 14. Qb4 Qxb4 15. axb4 Bb7 16. Bb5 Ke7 17. Kd2 f6 18. exf6+ gxf6 19. b3 Kd6 20. Rhe1 Rhe8 21. Bd3 e5 22.
fxe5+ fxe5 23. Bxh7 Rh8 24. Bf5 Nf6 25. h3 Rag8 26. Re2 e4 27. Nb2 a6 28. Rf1 Ke5 29. Nd3+ Kd6 30. Nf4 Rg5 31. g4 Nh5 32. Nxh5 1-0

[Event "*** Titled Tuesday Blitz"]
[Site "Chess.com"]
[Date "2018.12.04"]
[Round "5"]
[White "catalin009"]
[Black "Bad_left_hook"]
[Result "0-1"]
[WhiteElo "2342"]
[BlackElo "2504"]
[TimeControl "180+2"]
[EndTime "14:05:05 PST"]
[Termination "Bad_left_hook won by resignation"]

1. Nf3 Nf6 2. g3 g6 3. Bg2 Bg7 4. O-O O-O 5. d4 d5 6. c4 c6 7. b3 Bf5 8. Nc3 Ne4 9. Bb2 Nxc3 10. Bxc3 Be4 11. Re1 Nd7 12. e3 Nb6 13. Bf1 c5 14. Rc1 dxc4 15. bxc4 Rc8 16. Nd2 cxd4 17. exd4 Bf5 18.
c5 Nd5 19. Ba1 Qa5 20. Bg2 Rfd8 21. Nc4 Qxa2 22. Re2 Qa6 23. Bf1 Bg4 24. Rb1 Qxc4 0-1

[Event "*** Titled Tuesday Blitz"]
[Site "Chess.com"]
[Date "2018.12.04"]
[Round "5"]
[White "amintabatabaei"]
[Black "bascheyaro"]
[Result "1-0"]
[WhiteElo "2729"]
[BlackElo "2777"]
[TimeControl "180+2"]
[EndTime "14:05:08 PST"]
[Termination "amintabatabaei won by resignation"]

1. d4 Nf6 2. c4 e6 3. g3 d5 4.
Bg2 Be7 5. Nf3 O-O 6. O-O b6 7. b3 Bb7 8. Bb2 Nbd7 9. Nc3 dxc4 10. bxc4 c5 11. d5 exd5 12. cxd5 Re8 13. e4 Bd6 14. Re1 Ne5 15. Nb5 Nc4 16. Nxd6 Qxd6 17. Bxf6 gxf6 18. Nh4 Bc8 19. f4 b5 20. a4 b4 21. Qe2 Na5 22. e5 fxe5 23. fxe5 Qd8 24. Qh5 b3 25. Be4 f5 26. exf6 Rxe4 27. Qg5+ 1-0

[Event "*** Titled Tuesday Blitz"]
[Site "Chess.com"]
[Date "2018.12.04"]
[Round "5"]
[White "ckgchess"]
[Black "amiralfio"]
[Result "1-0"]
[WhiteElo "2587"]
[BlackElo "2416"]
[TimeControl "180+2"]
[EndTime "14:05:10 PST"]
[Termination "ckgchess won by resignation"]

1. e4 c5 2. Nf3 d6 3. d4 Nf6 4. Nc3 cxd4 5. Nxd4 a6 6. Bg5 Nbd7 7. Qe2 h6 8. Bh4 g6 9. f4 e5 10. fxe5 dxe5 11.
O-O-O Qc7 12. Nb3 b5 13. Nd5 Nxd5 14. exd5 Bd6 15. g4 Bb7 16. Bg2 b4 17. Rhf1 O-O 18. Nd2 a5 19. Ne4 Ba6 20. Qd2 Kg7 21. Rf6 Bc5 22. Rc6 Qa7 23. Nxc5 Nxc5 24. Bf2 Qb7 25. Bxc5 Rfc8 26. Qe3 Bb5 27. Qxe5+ Kh7 28. Bd4 f6 29. Qxf6 Bxc6 30. dxc6 Qc7 31. Be4 Rg8 32. Be5 1-0

[Event "*** Titled Tuesday Blitz"]
[Site "Chess.com"]
[Date "2018.12.04"]
[Round "5"]
[White "TheMagician"]
[Black "kacprekt"]
[Result "0-1"]
[WhiteElo "2252"]
[BlackElo "2397"]
[TimeControl "180+2"]
[EndTime "14:05:14 PST"]
[Termination "kacprekt won on time"]

1. d4 f5 2. g3 Nf6 3. Bg2 g6 4. c4 Bg7 5. Nc3 O-O 6. e4 fxe4 7.
Nxe4 d6 8. Ne2 Nc6 9. N4c3 Bf5 10. O-O Qe8 11. b3 e5 12. dxe5 Nxe5 13. Nd4 Bg4 14.
f3 Bd7 15. f4 Nc6 16. Ndb5 Qc8 17. Nd5 Nxd5 18. Bxd5+ Kh8 19. Rb1 Bf5 20. Rb2 a6 0-1

[Event "*** Titled Tuesday Blitz"]
[Site "Chess.com"]
[Date "2018.12.04"]
[Round "5"]
[White "LyonBeast"]
[Black "VladimirBelous"]
[Result "1-0"]
[WhiteElo "2928"]
[BlackElo "2756"]
[TimeControl "180+2"]
[EndTime "14:05:16 PST"]
[Termination "LyonBeast won by resignation"]

1. e4 c5 2. Nf3 Nc6 3. c3 Nf6 4. e5 Nd5 5. Bc4 Nb6 6. Bb3 c4 7. Bc2 d5 8. exd6 Qxd6 9. O-O Bg4 10. h3 Bh5 11. Re1 O-O-O 12. b3 Ne5 13. Rxe5 Bxf3 14. Qe1 Bc6 15. Na3 f6 16. Ra5 e5 17. bxc4 Kb8 18. Rb1 g5 19. Bf5 e4 20. Qe3 Qd3 21. Qxd3 exd3 22. c5 Nd5 23. Bxd3 Nxc3 24. dxc3 Rxd3 25. Be3 Be7 26. Nb5 Rhd8 27. Nd4 Be4 28. c6 b6 29.
c7+ Kxc7 30. Rxa7+ Bb7 31. Ne6+ Kb8 32. Rxb7+ Kxb7 33. Rxb6+ Ka7 34. Nxd8 Rxe3 35. Rb7+ 1-0

[Event "*** Titled Tuesday Blitz"]
[Site "Chess.com"]
[Date "2018.12.04"]
[Round "5"]
[White "volcanoexplorer"]
[Black "DishonorOnYourCow"]
[Result "1-0"]
[WhiteElo "2403"]
[BlackElo "2238"]
[TimeControl "180+2"]
[EndTime "14:05:16 PST"]
[Termination "volcanoexplorer won on time"]

1. e4 c5 2. Nf3 d6 3. d4 cxd4 4. Nxd4 Nf6 5. Nc3 a6 6. h3 e5 7.
Nde2 h5 8. g3 Be6 9. Bg2 Nbd7 10. a4 Be7 11. Be3 Qc7 12. O-O h4 13. g4 Nh7 14. f4 exf4 15. Nxf4 Bg5 16. Kh1 O-O 17.
Nfd5 Qd8 18. Bxg5 Qxg5 19. Nc7 Rad8 20. Nxe6 fxe6 21. Qxd6 Rxf1+ 22. Rxf1 Nc5 23. Qc7 Nf8 24.
e5 Ncd7 25. Qd6 Nxe5 26. Qc7 Nc6 27. Qf7+ Kh8 28. Be4 Ne5 29. Qxf8+ 1-0